 Dungeon Crawl Stone Soup version 0.22.1-2-g9c5b331 (webtiles) character file.

27508 nuthulu the Peltast (level 13, -3/57 HPs)
             Began as a Gargoyle Fighter on Jan 6, 2019.
             Was the Champion of Okawaru.
             Killed from afar by a vampire mage (9 damage)
             ... with a bolt of negative energy
             ... on level 2 of the Abyss.
             The game lasted 00:38:39 (19169 turns).

nuthulu the Peltast (Gargoyle Fighter)             Turns: 19169, Time: 00:38:41

Health: -3/57      AC: 33    Str: 25 (26) XL:     13   Next: 32%
Magic:  7/9        EV:  8    Int:  3 (5)  God:    Okawaru [******]
Gold:   956        SH: 20    Dex:  5      Spells: 12/12 levels left

rFire    . . .     SeeInvis .   M - +3 morningstar (protect)
rCold    . . .     Gourm    .   c - +5 shield
rNeg     + . .     Faith    .   G - +4 plate armour
rPois    ∞         Spirit   .   m - +0 helmet
rElec    +         Reflect  .   x - +1 cloak
rCorr    .         Harm     .   q - +2 pair of gloves
MR       +....     Rnd*Rage +   (no boots) Stlth ..........Rnd*Tele +
                                (no amulet)
HPRegen  0.19/turn              n - ring of protection from magic
MPRegen  0.11/turn              F - +3 ring of protection

@: mighty, about to teleport, heroism, berserk cooldown, very slightly
contaminated, slowed, drained, invisible, very slow
A: [berserk 2], [blurry vision 3], [clumsy 2], [deformed body], [deterioration
2], [dopey 2], [frail 3], [low mp 3], negative energy resistance 1, [screaming
2], electricity resistance, [teleportitis 3], [weak 2], unbreathing,
petrification resistance, [no potion heal 2], rot immunity, [subdued magic 2],
AC +9
a: Heroism, Finesse, Renounce Religion


You were on level 2 of the Abyss.
You worshipped Okawaru.
Okawaru was exalted by your worship.
You were not hungry.

You visited 3 branches of the dungeon, and saw 15 of its levels.
You visited the Abyss 1 time.

You collected 956 gold pieces.

Inventory:

Hand Weapons
 a - a +4 flail
 M - a +3 morningstar of protection (weapon)
Missiles
 k - a throwing net (quivered)
Armour
 c - a +5 shield (worn)
 g - a scarf of resistance
 m - a +0 helmet (worn)
 q - a +2 pair of gloves (worn)
 x - a +1 cloak (worn)
 D - the +1 pair of gloves "Haur Puth" {rC+}
   (You found it on level 9 of the Dungeon)

   It protects you from cold.
 G - a +4 plate armour (worn)
Jewellery
 b - an uncursed ring of stealth
 n - a ring of protection from magic (left hand)
 s - an uncursed ring of positive energy
 u - an uncursed ring of fire
 B - an uncursed amulet of rage
 F - a +3 ring of protection (right hand)
Wands
 o - a wand of digging (9)
 p - a wand of disintegration (17)
 t - a wand of polymorph (8)
 C - a wand of enslavement (9)
 H - a wand of flame (15)
 K - a wand of random effects (25)
Scrolls
 r - a scroll of amnesia
 v - 4 scrolls of remove curse
Potions
 e - a potion of haste
 h - 7 potions of curing
 i - a potion of magic
 j - a potion of lignification {unknown}
 l - a potion of ambrosia
 w - a potion of heal wounds
 z - 2 potions of brilliance
 A - a potion of mutation {unknown}
 E - a potion of cancellation {unknown}
 I - a potion of berserk rage
Comestibles
 f - 31 rations


   Skills:
 - Level 9.8(13.9) Fighting
 - Level 14.0(18.0) Maces & Flails
 * Level 5.6(9.8) Armour
 - Level 15.2(19.2) Shields


You had 12 spell levels left.
You didn't know any spells.
Your spell library contained the following spells:

 Spells                   Type           Power        Failure   Level  Hunger
 Beastly Appendage        Tmut           #.....       99%         1    ##.....
 Sting                    Conj/Pois      #...         99%         1    ##.....
 Poisonous Vapours        Pois/Air       #.....       100%        2    ###....
 Sticks to Snakes         Tmut           #.......     100%        2    ###....
 Mephitic Cloud           Conj/Pois/Air  #.......     100%        3    ####...
 Spider Form              Tmut/Pois      #.........   100%        3    ####...
 Ice Form                 Ice/Tmut       #.......     100%        4    #####..
 Olgreb's Toxic Radiance  Pois           #.......     100%        4    #####..
 Blade Hands              Tmut           #.........   100%        5    ######.
 Bolt of Magma            Conj/Fire/Erth #.........   100%        5    ######.
 Iskenderun's Battlesphe  Conj/Chrm      #.......     100%        5    ######.
 Venom Bolt               Conj/Pois      #.........   100%        5    ######.
 Iron Shot                Conj/Erth      #.........   100%        6    #######
 Orb of Destruction       Conj           #.........   100%        7    #######
 Spellforged Servitor     Conj/Summ      #.........   100%        7    #######


Dungeon Overview and Level Annotations

Branches:
Dungeon (10/15)            Temple (1/1) D:4            Lair (4/6) D:9
  Swamp (0/4) Lair:3        Snake (0/4) Lair:3          Orc (0/2) D:9

Altars:
Ashenzari
Cheibriados
Dithmenos
Elyvilon
Fedhas
Gozag
Hepliaklqana
Kikubaaqudgha
Makhleb
Nemelex Xobeh
Okawaru
Qazlal
Ru
Sif Muna
Trog
Uskayaw
Vehumet
Wu Jian
Xom
Yredelemnul
Zin
The Shining One

Shops:
D:7 (

Annotations:
Lair:4 exclusion: 2 oklob plants, Sonja


Innate Abilities, Weirdness & Mutations

You are resistant to torment.
Your stone body is resilient. (AC +9)
You are immune to poison.
You resist negative energy. (rN+)
You are resistant to electric shocks. (rElec)
You can survive without breathing.
You are immune to petrification.
You are immune to rotting.
[You often lose your temper in combat.]
[Scrolls take you much longer to read.]
[You are very clumsy. (Dex -4)]
[Armour fits poorly on your strangely shaped body.]
[Your body often deteriorates upon taking damage.]
[You are very dopey. (Int -4)]
[You are extremely frail. (-30% HP)]
[Your magical capacity is extremely low. (-30% MP)]
[You sometimes yell uncontrollably at your foes.]
[You are often teleported next to monsters.]
[You are very weak. (Str -4)]
[Potions are poor at restoring your health.]
[Your spells are easier to cast, but less powerful.]


Message History

* * * LOW HITPOINT WARNING * * *
You continue reading the scroll.
You block the wraith's attack. Something hits you but does no damage.
Something bites you but does no damage. The wraith hits you.
* * * LOW HITPOINT WARNING * * *
As you read the scroll of teleportation, it crumbles to dust.
You feel strangely unstable.
You feel the power of the Abyss delaying your translocation!
Unknown command.
Unknown command.
Unknown command.
Unknown command.
You gain the combat prowess of a mighty hero.
The raiju barks!
You hear a hideous shriek!
Something hits you but does no damage. Something bites you but does no damage.
You block the wraith's attack.
You hear some strange, mumbled words.
A bolt of negative energy appears from out of thin air!
The bolt of negative energy hits you! You partially resist.
You feel drained.
You die...

. ... .. ## .
. ..#.# ..
#.# .# . .# .
..#.#
#...##.##h..#
# .
.#.Z#..#..#
#X##..§.....
#{..§.... #@#
# #W# # ###


You could see a large abomination, a raiju and a wraith.

Vanquished Creatures
  The ghost of lapinsky the Blocker, a journeyman HOFi of Trog (Lair:2)
  Erolcha (D:9)
  4 hydras
  A two-headed ogre (D:10)
  A thrashing horror (Abyss:2)
  A wretched star (Abyss:2)
  The ghost of NikiYani the Magician, a novice GnSk (D:7)
  Pikel (D:7)
  11 elephants
  A black mamba (Lair:3)
  11 spiny frogs
  3 rime drakes
  3 komodo dragons
  A hellion (Abyss:2)
  2 trolls (D:9)
  2 polar bears (D:10)
  A meliai (shapeshifter) (Abyss:2)
  A queen bee (D:8)
  9 blink frogs
  2 hippogriffs
  A raiju (Abyss:2)
  A yak (D:9)
  3 fire bats (Lair:1)
  A chaos spawn (Abyss:2)
  4 nagas (Lair:3)
  7 water moccasins
  6 porcupines
  4 orc warriors
  A sky beast (D:10)
  A black bear (D:8)
  2 ice beasts (D:10)
  A phantom (D:8)
  A small abomination (Abyss:2)
  5 ogres
  6 wolves (D:9)
  4 centaurs
  4 crocodiles
  5 bullfrogs
  A big kobold (D:10)
  A gnoll sergeant (D:6)
  A water moccasin zombie (D:7)
  4 scorpions
  20 killer bees
  4 electric eels
  2 howler monkeys
  2 crimson imps
  2 hounds
  A bullfrog zombie (D:6)
  14 orc wizards
  8 orc priests
  2 bullfrog skeletons
  An iguana (D:4)
  6 worker ants
  A killer bee zombie (D:7)
  Robin (D:3)
  A worker ant zombie (D:9)
  9 adders
  6 gnolls
  A howler monkey skeleton (D:10)
  2 shadow imps (D:5)
  A white imp (D:10)
  4 oozes
  3 adder skeletons
  2 worms (D:2)
  A dart slug (D:3)
  5 leopard geckos
  32 orcs
  7 giant cockroaches
  15 goblins
  13 hobgoblins
  7 jackals
  9 kobolds
  2 quokkas
  A ball python (D:2)
  A bat (D:2)
  6 frilled lizards
  A leopard gecko zombie (D:9)
  A quokka zombie (D:5)
  6 rats
322 creatures vanquished.

Vanquished Creatures (collateral kills)
  A white imp (Abyss:2)
1 creature vanquished.

Vanquished Creatures (others)
  A worker ant zombie (D:7)
  2 fungi (Lair:4)
3 creatures vanquished.

Grand Total: 326 creatures vanquished

Notes
Turn   | Place    | Note
-------+----------+-------------------------------------------
     0 | D:1      | nuthulu the Gargoyle Fighter began the quest for the Orb.
     0 | D:1      | Reached XP level 1. HP: 14/14 MP: 1/1
   512 | D:1      | Reached XP level 2. HP: 18/19 MP: 2/2
  1639 | D:2      | Reached XP level 3. HP: 24/24 MP: 3/3
  1719 | D:2      | Found a hide-covered altar of Uskayaw.
  1719 | D:2      | Found a shattered altar of Ashenzari.
  2299 | D:2      | Reached XP level 4. HP: 19/29 MP: 4/4
  2737 | D:3      | Found a bloodstained altar of Trog.
  2906 | D:3      | Reached XP level 5. HP: 34/34 MP: 5/5
  3450 | D:3      | Noticed Robin
  3452 | D:3      | Reached skill level 5 in Fighting
  3483 | D:3      | Killed Robin
  4024 | D:4      | Reached XP level 6. HP: 19/40 MP: 6/6
  4297 | D:4      | Found a staircase to the Ecumenical Temple.
  4314 | Temple   | Entered the Ecumenical Temple
  4669 | Temple   | Reached skill level 5 in Maces & Flails
  4796 | D:4      | Reached XP level 7. HP: 44/47 MP: 7/7
  5073 | D:4      | You fall through a shaft for 2 floors!
  5140 | D:5      | Entered Level 5 of the Dungeon
  5577 | D:5      | Found a hazy altar of Hepliaklqana.
  5603 | D:5      | Reached XP level 8. HP: 53/53 MP: 8/8
  6207 | D:5      | Found an iron altar of Okawaru.
  6218 | D:5      | Became a worshipper of Warmaster Okawaru
  6831 | D:5      | Found a glowing golden altar of the Shining One.
  7221 | D:6      | Reached * piety under Okawaru
  7311 | D:6      | Reached XP level 9. HP: 60/60 MP: 9/9
  7920 | D:7      | Found Ovebrock's Weapon Boutique.
  8255 | D:7      | Noticed Pikel
  8339 | D:7      | Killed Pikel
  8339 | D:7      | Reached ** piety under Okawaru
  8502 | D:7      | Found an ornate altar of the Wu Jian Council.
  8504 | D:7      | Found a snail-covered altar of Cheibriados.
  8567 | D:7      | Reached skill level 10 in Maces & Flails
  8837 | D:7      | Found a runed door.
  8935 | D:7      | Noticed NikiYani's ghost (novice GnSk)
  9344 | D:7      | Killed NikiYani's ghost
  9344 | D:7      | Reached XP level 10. HP: 39/68 MP: 7/10
  9723 | D:8      | Reached *** piety under Okawaru
 10117 | D:8      | Found a glowing silver altar of Zin.
 10765 | D:8      | Found a burning altar of Makhleb.
 10765 | D:8      | Noticed a balrug
 10768 | D:8      | Noticed a smoke demon
 10913 | D:9      | Found a staircase to the Orcish Mines.
 11022 | D:9      | Found an iron altar of Okawaru.
 11100 | D:9      | Found a staircase to the Lair.
 11176 | D:9      | Found a radiant altar of Vehumet.
 11326 | D:9      | Noticed Erolcha
 11566 | D:9      | Killed Erolcha
 11566 | D:9      | Reached **** piety under Okawaru
 11609 | D:9      | Got a pair of translucent gloves
 11610 | D:9      | Identified the +1 pair of gloves "Haur Puth" {rC+} (You
                  | found it on level 9 of the Dungeon)
 11740 | D:9      | Found a deep blue altar of Sif Muna.
 12082 | D:9      | Found a hazy altar of Hepliaklqana.
 12289 | D:10     | Entered Level 10 of the Dungeon
 12355 | D:10     | Reached XP level 11. HP: 63/72 MP: 11/11
 12924 | D:10     | Noticed a two-headed ogre
 12949 | D:10     | Killed a two-headed ogre
 12949 | D:10     | Reached skill level 4 in Shields
 13040 | D:10     | Reached skill level 5 in Shields
 13319 | Lair:1   | Entered Level 1 of the Lair of Beasts
 13406 | D:9      | Reached skill level 6 in Shields
 13453 | Lair:1   | Reached ***** piety under Okawaru
 13652 | Lair:1   | Reached skill level 7 in Shields
 13802 | Lair:1   | Reached skill level 8 in Shields
 14340 | Lair:1   | Received a gift from Okawaru
 14514 | Lair:2   | Noticed a four-headed hydra
 14523 | Lair:1   | Killed a four-headed hydra
 14523 | Lair:1   | Reached skill level 9 in Shields
 14761 | Lair:2   | Reached skill level 10 in Shields
 14792 | Lair:2   | Found a runed door.
 14794 | Lair:2   | Noticed lapinsky's ghost (journeyman HOFi)
 14842 | Lair:2   | Killed lapinsky's ghost
 14842 | Lair:2   | Reached XP level 12. HP: 71/77 MP: 12/12
 14942 | Lair:2   | Noticed an eight-headed hydra
 14972 | Lair:2   | Killed an eight-headed hydra
 14972 | Lair:2   | Reached skill level 11 in Shields
 15097 | Lair:2   | Noticed Sonja
 15604 | Lair:2   | Noticed a five-headed hydra
 15619 | Lair:2   | Killed a five-headed hydra
 15845 | Lair:3   | Reached skill level 12 in Shields
 16115 | Lair:3   | Found a staircase to the Snake Pit.
 16143 | Lair:3   | Received a gift from Okawaru
 16281 | Lair:3   | Reached skill level 13 in Shields
 16390 | Lair:3   | Found a staircase to the Swamp.
 17595 | Lair:4   | Reached skill level 14 in Shields
 17640 | Lair:4   | Reached ****** piety under Okawaru
 17722 | Lair:4   | Noticed a four-headed hydra
 17734 | Lair:4   | Killed a four-headed hydra
 17734 | Lair:4   | Received a gift from Okawaru
 17734 | Lair:4   | Reached XP level 13. HP: 80/82 MP: 13/13
 17948 | Lair:4   | Reached skill level 15 in Shields
 18500 | Lair:4   | Cast into level 2 of the Abyss (Sonja)
 18630 | Abyss:2  | Noticed a rakshasa
 18893 | Abyss:2  | Reached skill level 5 in Armour
 18945 | Abyss:2  | Noticed a purple very ugly thing
 18993 | Abyss:2  | Noticed a rakshasa
 18996 | Abyss:2  | Noticed a rakshasa
 19079 | Abyss:2  | Noticed a jiangshi
 19169 | Abyss:2  | Killed from afar by a vampire mage

Skill      XL: |  1  2  3  4  5  6  7  8  9 10 11 12 13 |
---------------+----------------------------------------+-----
Fighting       | 4 5 6 7 9 |  9.8
Maces & Flails | 3 4 5 6 8 11 13 14 | 14.0
Shields        | 10 14 15 | 15.2
Armour         | 5 |  5.6

Action                   |  1- 3 |  4- 6 |  7- 9 | 10-12 | 13-15 || total
-------------------------+-------+-------+-------+-------+-------++-------
Melee: Flail             |   146 |   273 |   447 |   886 |    74 ||  1826
       Morningstar       |       |       |       |       |   128 ||   128
Invok: Heroism           |       |       |     2 |     4 |     5 ||    11
       Finesse           |       |       |       |     1 |       ||     1
  Use: Scroll            |     4 |     4 |    10 |    11 |     7 ||    36
       Potion            |       |       |     3 |     2 |     8 ||    13
 Stab: Sleeping          |       |       |       |       |     1 ||     1
  Eat: Chunk             |     4 |     5 |    11 |    15 |     3 ||    38
       Ration            |       |     1 |     1 |     4 |     1 ||     7
Armor: Scale mail        |    59 |   158 |   124 |       |       ||   341
       Plate armour      |       |       |   120 |   497 |   170 ||   787
Dodge: Dodged            |    41 |    79 |    84 |   128 |    42 ||   374
Block: Shield            |    76 |   155 |   261 |   693 |   243 ||  1428
